Map: Dash and Terminal LE (Void)

Players

dipwood - Winner!

  • Race: Protoss Protoss
  • League: Master

Nathanias

  • Race: Terran Terran
  • League: Diamond

VOD

https://www.youtube.com/watch?v=Jm5-Tze6UuM

Description

Time

  • Played on: Oct. 14, 2015, 8:03 p.m.
  • Length: 22:45
Show
View Real Time Build Order
Export as new Build Order

dipwood Protoss - Winner!

Build Orders: Oracle Opening 

Get SALT Encoding   

  12  0:17  Probe (Chrono Boost)  
  13  0:25  Pylon  
  13  0:28  Probe (Chrono Boost)  
  14  0:39  Probe (Chrono Boost)  
  15  0:49  Probe (Chrono Boost)  
  16  1:00  Probe (Chrono Boost)  
  17  1:07  Nexus  
  17  1:10  Probe (Chrono Boost)  
  18  1:18  Gateway  
  18  1:22  Assimilator  
  18  1:26  Probe (Chrono Boost)  
  19  1:36  Probe (Chrono Boost)  
  19  1:37  Assimilator  
  20  1:41  Pylon  
  21  1:47  Probe (Chrono Boost)  
  22  2:01  Probe (Chrono Boost)  
  22  2:05  Cybernetics Core  
  22  2:06  Zealot  
  24  2:13  Probe (Chrono Boost)  
  25  2:20  Probe (Chrono Boost)  
  26  2:25  Probe (Chrono Boost)  
  27  2:32  Probe (Chrono Boost)  
  27  2:35  Probe (Chrono Boost)  
  29  2:41  Pylon  
  29  2:43  Probe (Chrono Boost)  
  30  2:46  Probe (Chrono Boost)  
  30  2:48  Adept  
  30  2:51  Mothership Core (Chrono Boost)  
  33  2:53  Warp Gate (Chrono Boost)  
  33  2:56  Probe  
  36  3:08  Probe  
  36  3:10  Probe  
  38  3:14  Stargate  
  38  3:20  Probe x2  
  38  3:24  Forge  
  40  3:28  Pylon  
  40  3:31  Probe  
  40  3:32  Probe  
  42  3:37  Assimilator  
  42  3:39  Assimilator  
  42  3:45  Probe  
  43  3:48  Probe, Pylon  
  44  3:57  Probe  
  44  3:59  Oracle (Chrono Boost)  
  48  4:10  Stargate  
  48  4:14  Gateway  
  48  4:16  Probe  
  48  4:17  Gateway, Probe  
  50  4:24  Pylon  
  50  4:30  Probe  
  50  4:32  Probe, Phoenix (Chrono Boost)  
  54  4:42  Pylon x2  
  54  4:44  Pylon  
  53  4:54  Phoenix (Chrono Boost)  
  52  5:02  Probe  
  52  5:04  Probe  
  52  5:13  Probe  
  50  5:16  Probe, Oracle (Chrono Boost)  
  50  5:20  Oracle (Chrono Boost)  
  53  5:23  Probe  
  53  5:24  Adept x3  
  61  5:28  Probe  
  61  5:34  Pylon  
  54  5:36  Pylon  
  54  5:38  Pylon  
  49  5:47  Zealot x3  
  50  5:56  Mothership Core  
  46  5:59  Probe  
  47  6:11  Probe  
  47  6:13  Photon Cannon  
  44  6:29  Probe  
  44  6:30  Probe  
  41  6:39  Probe  
  37  6:42  Probe  
  39  6:50  Probe  
  40  6:54  Probe  
  40  7:01  Probe  
  41  7:06  Probe  
  43  7:12  Adept x2  
  43  7:13  Probe  
  48  7:19  Probe  
  48  7:22  Pylon  
  49  7:25  Probe, Photon Cannon  
  50  7:31  Probe  
  51  7:37  Probe  
  51  7:43  Probe  
  53  7:49  Phoenix  
  53  7:50  Phoenix  
  57  7:53  Probe  
  58  8:00  Probe  
  58  8:05  Probe  
  60  8:07  Twilight Council  
  60  8:28  Adept x3  
  66  8:34  Pylon  
  66  8:36  Pylon  
  66  8:43  Phoenix x2  
  66  8:47  Pylon  
  70  8:50  Pylon  
  70  8:51  Adept x3  
  74  9:19  Adept x3  
  74  9:21  Phoenix x2  
  64  9:40  Adept x3  
  59  10:04  Adept x2  
  59  10:05  Adept  
  54  10:31  Adept x3  
  56  12:20  Nexus  
  54  14:00  Nexus  
  54  14:23  Pylon  
  24  15:43  Pylon  
  24  16:12  Gateway, Pylon  
  24  16:28  Nexus  
  24  16:44  Pylon  
  24  17:03  Cybernetics Core  
  24  17:09  Pylon  
  24  17:26  Pylon  
  24  17:40  Adept  
  26  17:51  Probe x2  
  28  18:04  Adept  
  30  18:26  Forge  
  30  18:30  Adept  
  32  18:42  Probe x2  
  34  18:52  Probe x2  
  36  18:57  Adept  
  36  19:01  Twilight Council  
  38  19:03  Probe  
  38  19:04  Probe  
  40  19:13  Probe, Photon Cannon  
  40  19:15  Probe  
  42  19:24  Probe  
  42  19:25  Probe  
  44  19:39  Protoss Shields Level 1 (Chrono Boost)  
  44  19:40  Resonating Glaives (Chrono Boost)  
  44  19:56  Probe  
  44  19:58  Probe  
  46  20:05  Robotics Facility  
  46  20:07  Probe  
  46  20:10  Probe  
  40  20:21  Assimilator  
  40  20:24  Assimilator  
  40  20:27  Gateway  
  40  20:28  Gateway  
  40  20:33  Nexus  
  40  20:37  Pylon  
  40  20:43  Probe  
  40  20:44  Probe  
  40  20:46  Assimilator  
  40  20:49  Assimilator  
  42  20:54  Adept  
  42  20:55  Probe  
  42  20:56  Probe  
  46  21:07  Probe  
  46  21:08  Probe  
  46  21:11  Observer  
  49  21:19  Adept  
  49  21:20  Probe x2  
  49  21:25  Adept x2  
  57  21:32  Probe  
  58  21:46  Adept x3  
  60  22:03  Robotics Bay  
  60  22:05  Nexus  
  60  22:06  Pylon  
  60  22:10  Probe  
  60  22:11  Probe  
  62  22:25  Probe  
  62  22:26  Probe  
  62  22:27  Probe  
Show
View Real Time Build Order
Export as new Build Order

Nathanias Terran 

Build Orders: Banshee Rush 

Get SALT Encoding   

  12  0:37  SCV  
  13  0:44  Supply Depot  
  13  0:50  SCV  
  13  0:53  Refinery  
  14  1:02  SCV  
  15  1:08  Barracks  
  15  1:14  SCV  
  15  1:15  Refinery  
  16  1:26  SCV  
  17  1:38  SCV  
  18  1:57  Factory  
  18  1:58  Orbital Command  
  18  2:07  Barracks Reactor  
  18  2:20  Supply Depot  
  18  2:26  SCV  
  19  2:38  SCV  
  19  2:43  Factory Tech Lab  
  20  2:44  Starport  
  20  2:45  Marine x2  
  20  2:50  SCV  
  23  3:01  Siege Tank  
  23  3:02  SCV, Marine x2  
  29  3:10  Supply Depot  
  29  3:14  SCV  
  30  3:20  Marine  
  30  3:21  Supply Depot  
  30  3:23  Starport Tech Lab  
  31  3:29  Engineering Bay  
  31  3:31  SCV, Marine  
  33  3:38  Marine  
  33  3:40  Siege Tank  
  37  3:43  Banshee  
  37  3:45  Supply Depot  
  37  3:47  Supply Depot  
  40  3:49  Marine  
  40  3:55  Cloaking Field  
  41  3:56  Marine  
  41  3:57  SCV  
  42  4:16  Marine x2  
  44  4:18  SCV  
  44  4:19  Siege Tank  
  48  4:30  SCV  
  49  4:32  Missile Turret  
  43  4:58  Marine  
  43  4:59  Marine  
  41  5:00  Banshee  
  41  5:01  Siege Tank  
  41  5:03  SCV  
  41  5:15  SCV  
  42  5:29  SCV  
  42  5:35  Marine x2  
  43  5:44  SCV  
  43  5:56  SCV  
  35  6:08  SCV  
  35  6:10  Siege Tank  
  39  6:20  SCV  
  39  6:21  Marine x2  
  39  6:22  Banshee  
  45  6:26  Barracks  
  45  6:28  Barracks  
  45  6:32  SCV  
  43  6:38  Marine  
  43  6:39  Marine  
  43  6:44  SCV  
  41  6:48  Cyclone  
  41  6:51  Mag-Field Accelerator  
  44  6:56  SCV, Marine x2  
  44  7:08  SCV  
  45  7:16  Marine x2  
  47  7:28  Supply Depot  
  47  7:30  Supply Depot  
  46  7:48  Marine x2  
  46  7:49  Banshee, Cyclone, Marine x2  
  55  7:52  SCV  
  56  8:14  Marine x2  
  56  8:15  Marine x2  
  56  8:18  Orbital Command  
  57  8:32  Marine  
  58  9:16  Missile Turret  
  57  9:22  SCV  
  58  9:34  SCV  
  40  9:51  Marine x4  
  41  10:24  Marine  
  37  10:34  Bunker  
  37  10:36  Bunker  
  37  10:37  Supply Depot  
  37  10:39  Supply Depot  
  37  10:56  Missile Turret  
  37  11:26  Supply Depot  
  37  11:28  Supply Depot  
  40  11:34  Marine x2  
  40  11:35  Marine x2  
  40  11:37  Cyclone  
  44  11:44  SCV  
  42  12:22  Command Center  
  39  13:12  Supply Depot  
  39  13:14  Command Center  
  39  13:18  Supply Depot  
  34  14:03  Marine x3  
  37  14:12  Engineering Bay  
  37  14:21  Marine  
  38  14:30  Marine  
  38  14:31  Marine  
  40  14:39  Marine  
  40  14:41  Planetary Fortress  
  13  15:26  Missile Turret  
  10  15:38  SCV  
  11  15:53  Marine  
  11  15:54  Missile Turret  
  10  16:07  SCV  
  9  16:45  SCV  
  10  17:01  SCV  
  11  17:24  SCV  
  12  17:36  SCV  
  13  17:48  SCV  
  14  18:00  SCV  
  15  18:21  Marine x2  
  19  18:31  SCV  
  20  18:43  SCV  
  19  18:48  Marine x2  
  21  18:55  SCV  
  22  19:06  Marine x2  
  22  19:07  SCV  
  25  19:20  SCV  
  25  19:24  Marine  
  27  19:32  SCV  
  26  19:55  SCV  
  27  20:03  Marine  
  27  20:04  Marine  
  28  20:07  SCV  
  20  20:19  SCV  
  20  20:27  Marine x2  
  22  20:31  SCV  
  23  20:44  SCV  
  23  20:45  Marine x2  
  26  20:56  SCV  
  27  21:03  Marine x2  
  29  21:09  SCV  
  30  21:25  Command Center  
  30  21:33  Supply Depot  
  30  21:39  Marine  
  28  21:53  SCV  
  15  21:56  Marine  
  15  21:59  Bunker  
  16  22:05  SCV  
  16  22:06  Marine  
  17  22:17  SCV  
Tags
 
Add a new tag
Caveats
  • Supply blocks, unpowered buildings, or Contaminate may cause inaccurate times.
  • Supply counts are checked every 10 seconds.